Map: Kairos Junction LE

Players

ZetNjin - Winner!

  • Race: Zerg Zerg
  • League: Platinum
  • Spawn Location: 11:00

HeadBeagle

  • Race: Terran Terran
  • League: Platinum
  • Spawn Location: 5:00

VOD

Have the link to the VOD?

Description

Time

  • Played on: July 16, 2019, 10:31 a.m.
  • Length: 8:08
Show
View Real Time Build Order
Export as new Build Order

ZetNjin Zerg - Winner!

Build Orders: Pool Only, Ravager All-In 

Get SALT Encoding   

  12  0:18  Spawning Pool  
  11  0:21  Drone  
  11  0:26  Drone  
  13  0:29  Drone  
  13  0:35  Extractor  
  13  0:36  Extractor  
  13  0:40  Drone  
  13  0:45  Drone  
  14  0:55  Overlord  
  14  1:07  Roach Warren  
  13  1:13  Drone  
  14  1:27  Overlord  
  14  1:48  Roach x2  
  14  1:49  Roach  
  20  2:08  Ravager  
  21  2:09  Ravager  
  21  2:10  Ravager  
  21  2:12  Roach  
  25  2:17  Roach  
  27  2:30  Overlord  
  27  2:34  Ravager  
  28  2:43  Ravager  
  29  3:00  Roach x2  
  30  3:11  Roach  
  32  3:15  Roach  
  34  3:28  Roach  
  34  3:30  Ravager  
  37  3:45  Overlord  
  37  4:14  Ravager  
  38  4:18  Lair  
  38  4:19  Overlord  
  38  4:28  Overlord  
  38  4:43  Overlord  
  38  4:52  Drone x2  
  40  5:02  Drone  
  41  5:08  Drone  
  42  5:29  Drone  
  42  5:30  Spire  
  42  5:40  Drone x2  
  44  5:46  Overseer  
  44  5:49  Drone  
  45  6:01  Drone  
  46  6:17  Queen  
  48  6:25  Overlord  
  48  6:26  Overlord  
  48  6:45  Mutalisk x2  
  52  6:58  Mutalisk  
  54  7:07  Mutalisk  
  56  7:20  Mutalisk  
  58  7:25  Mutalisk  
  58  7:28  Mutalisk x3  
  66  7:42  Mutalisk  
  68  7:47  Overlord  
Show
View Real Time Build Order
Export as new Build Order

HeadBeagle Terran 

Build Orders:  

Get SALT Encoding   

  12  0:01  SCV  
  13  0:13  SCV  
  14  0:17  Supply Depot  
  14  0:26  SCV  
  15  0:30  Refinery  
  15  0:39  SCV  
  16  0:45  Barracks  
  16  0:51  SCV  
  17  1:03  SCV, Refinery  
  18  1:15  SCV  
  19  1:32  Barracks Reactor  
  19  1:37  Orbital Command  
  19  1:47  Factory  
  19  2:04  Supply Depot  
  19  2:05  SCV  
  20  2:08  Marine x2  
  22  2:20  SCV  
  23  2:28  Marine x2  
  25  2:32  Starport  
  25  2:33  Widow Mine  
  25  2:35  SCV  
  28  2:47  SCV  
  26  2:59  SCV  
  27  3:07  Marine, Widow Mine  
  27  3:08  Marine  
  25  3:25  Marine x2  
  21  3:29  Widow Mine  
  10  3:43  Marine x2  
  10  3:50  Widow Mine  
  2  4:33  Orbital Command  
Tags
 
Add a new tag
Caveats
  • Supply blocks, unpowered buildings, or Contaminate may cause inaccurate times.
  • Supply counts are checked every 10 seconds.